AoeStats
← JR_Clutch

Arabia

508347779Analyzed
1v1 RM · 11d ago on Sep 22, 2026· 57m 49s· 2 players
Game mode
Random Map
Map size
Tiny (2 player)
Population
200
Speed
Normal
Resources
Standard
Victory
Conquest
Starting age
Dark Age
Ending age
Imperial Age
RankedLock teamsTeams togetherTeam positionsShared explorationLock speedFull tech treeHidden civsTurbo modeCheats
Victory
Defeat
🇦🇷 Huns · Argentina
652
+18
🇨🇱 Ethiopians · Chile
685
-18
Humano9059
5:50 Loom
10:00 Feudal Age
11:17 Wheelbarrow
10:30 Double-Bit Axe
10:48 Stone Mining
14:41 Horse Collar
24:23 Castle Age
25:19 Heavy Plow
27:08 Bow Saw
27:13 Gold Mining
29:43 Gold Shaft Mining
30:02 Hand Cart
37:43 Imperial Age
35:49 Fletching
37:28 Marauders
37:28 Town Watch
38:32 Murder Holes
39:38 Chemistry
39:01 Ballistics
38:54 Masonry
39:59 Padded Archer Armor
39:30 Elite Tarkan
42:11 Bloodlines
41:34 Sappers
42:25 Conscription
42:25 Leather Archer Armor
42:09 Bodkin Arrow
45:14 Two-Man Saw
46:54 Atheism
47:06 Coinage
46:47 Guilds
46:43 Bracer
46:50 Scale Barding Armor
46:58 Forging
48:33 Chain Barding Armor
48:56 Town Patrol
48:50 Heavy Cavalry Archer
49:56 Parthian Tactics
49:37 Thumb Ring
48:53 Crossbowman
50:43 Husbandry
51:23 Plate Barding Armor
51:24 Iron Casting
53:45 Banking
JR_Clutch
10:32 Feudal Age
12:28 Wheelbarrow
16:02 Double-Bit Axe
18:38 Castle Age
16:35 Fletching
17:22 Horse Collar
20:04 Bow Saw
19:29 Crossbowman
20:10 Bodkin Arrow
20:19 Padded Archer Armor
26:17 Thumb Ring
26:18 Stone Mining
26:53 Hand Cart
40:16 Imperial Age
38:05 Loom
40:26 Ballistics
41:12 Royal Heirs
42:09 Torsion Engines
43:14 Town Watch
43:50 Town Watch
45:50 Elite Shotel Warrior
46:27 Gold Mining
50:18 Chemistry
48:41 Arbalester
50:06 Bracer
50:16 Forging
50:07 Scale Mail Armor
50:23 Leather Archer Armor
50:21 Onager
52:12 Iron Casting
55:41 Town Patrol
57:17 Siege Onager
Connection lost

Rejoining the realm…

Still unreachable

The connection could not be restored.

Session expired

The server has moved on; the page needs a fresh start.